Map: 포트 알렉산더 - 래더

Players

Scarlett

  • Race: Zerg Zerg
  • Spawn Location: 5:00

soO - Winner!

  • Race: Zerg Zerg
  • Spawn Location: 11:00

Event: IEM Season 13: Katowice (2019)

VOD

Have the link to the VOD?

Description

Time

  • Played on: March 1, 2019, 3:54 p.m.
  • Length: 8:22

All games in this series

Show
View Real Time Build Order
Export as new Build Order

Scarlett Zerg 

Build Orders: Hatch First 

Get SALT Encoding   

  12  0:00  Drone  
  13  0:13  Overlord  
  13  0:18  Drone  
  14  0:31  Drone x2  
  16  0:49  Hatchery  
  15  0:52  Drone  
  15  0:56  Drone  
  17  0:59  Drone  
  18  1:11  Extractor  
  17  1:15  Spawning Pool  
  17  1:18  Drone  
  17  1:21  Drone  
  18  1:29  Drone  
  19  1:40  Drone  
  20  1:50  Drone  
  21  2:01  Queen x2  
  21  2:02  Overlord  
  21  2:03  Drone  
  26  2:10  Metabolic Boost  
  26  2:11  Drone  
  26  2:14  Drone  
  28  2:23  Drone x2  
  30  2:34  Drone x2  
  30  2:37  Evolution Chamber  
  31  2:38  Queen  
  31  2:43  Overlord  
  33  2:46  Drone  
  34  2:54  Drone x2  
  36  3:02  Zerg Melee Weapons Level 1  
  36  3:06  Drone  
  36  3:07  Drone  
  36  3:09  Drone x4  
  36  3:12  Overlord  
  42  3:14  Zergling x2  
  42  3:16  Zergling x2  
  44  3:25  Overlord  
  44  3:31  Zergling x4  
  46  3:38  Zergling x2  
  46  3:40  Zergling x8  
  51  3:47  Roach Warren  
  50  3:54  Drone x4  
  54  3:56  Extractor  
  54  3:58  Hatchery  
  54  4:00  Drone  
  53  4:14  Overlord  
  53  4:15  Zergling x2  
  53  4:16  Zergling x2  
  55  4:21  Drone  
  56  4:24  Zergling x2  
  56  4:25  Zergling x6  
  56  4:30  Zergling x2, Hatchery  
  60  4:43  Zergling x8  
  60  4:46  Queen  
  60  4:48  Zergling x2  
  60  4:49  Queen  
  55  4:55  Zergling x2  
  55  4:56  Zergling x4  
  55  4:58  Zerg Ground Armor Level 1  
  55  5:08  Zergling x10  
  55  5:12  Queen  
  58  5:15  Roach x2  
  58  5:18  Roach  
  58  5:19  Roach  
  65  5:27  Roach, Zergling x2  
  65  5:28  Zergling x2  
  68  5:31  Roach, Zergling x2  
  62  5:36  Roach, Zergling x2  
  62  5:38  Ravager  
  62  5:41  Queen  
  59  5:43  Roach, Zergling x4  
  59  5:48  Ravager  
  59  5:49  Zergling x2  
  59  5:53  Zergling x8  
  60  5:59  Zergling x4  
  58  6:05  Zergling x6  
  61  6:12  Zergling x6  
  61  6:18  Zergling x4  
  66  6:22  Zergling x2  
  66  6:23  Zergling x6  
  66  6:27  Zergling x6  
  63  6:35  Drone x3  
  63  6:37  Drone x2  
  68  6:41  Roach  
  68  6:43  Ravager x4  
  68  6:45  Roach  
  76  6:49  Overlord  
  76  6:53  Roach  
  78  6:55  Zergling x2  
  79  7:10  Roach x4  
  79  7:11  Overlord x2  
  87  7:17  Overlord  
  87  7:25  Overlord  
  87  7:29  Queen  
  89  7:30  Overlord  
  89  7:35  Zergling x8, Baneling Nest  
  92  7:37  Ravager  
  91  7:50  Roach x3, Zergling x8  
  92  7:54  Roach, Zergling x2  
  94  7:59  Zergling x6  
Show
View Real Time Build Order
Export as new Build Order

soO Zerg - Winner!

Build Orders: Hatch First 

Get SALT Encoding   

  12  0:00  Drone  
  13  0:12  Overlord  
  13  0:17  Drone  
  14  0:30  Drone x2  
  14  0:33  Drone  
  17  0:51  Hatchery  
  17  0:55  Drone  
  17  0:58  Drone  
  18  1:09  Extractor  
  17  1:13  Spawning Pool  
  17  1:16  Drone  
  17  1:20  Drone  
  18  1:27  Drone  
  19  1:39  Overlord  
  19  1:55  Drone  
  19  1:59  Queen  
  19  2:01  Drone  
  23  2:03  Queen  
  23  2:04  Drone  
  26  2:10  Metabolic Boost  
  26  2:12  Drone  
  26  2:15  Drone  
  28  2:23  Drone  
  28  2:25  Drone  
  30  2:37  Hatchery  
  30  2:39  Drone  
  30  2:42  Drone  
  31  2:45  Drone  
  31  2:49  Overlord  
  32  2:58  Evolution Chamber, Drone x2  
  33  3:06  Drone  
  33  3:08  Drone  
  33  3:10  Drone x3  
  38  3:15  Zergling x4  
  40  3:24  Zerg Ground Armor Level 1  
  40  3:27  Zergling x4  
  40  3:29  Overlord  
  40  3:34  Queen  
  42  3:37  Overlord  
  44  3:41  Overlord  
  44  3:46  Overlord  
  44  3:53  Zergling x10  
  48  3:59  Zergling x6  
  51  4:05  Zergling x4  
  53  4:16  Zergling x16  
  61  4:25  Zergling x6  
  64  4:35  Roach Warren  
  64  4:37  Zergling x6  
  66  4:42  Zergling x2  
  66  4:44  Zergling x4  
  63  4:47  Zergling x6  
  63  4:51  Zergling x4  
  61  4:53  Zergling x2  
  61  4:57  Zergling x2  
  61  4:58  Zergling x8  
  67  5:06  Zergling x4  
  59  5:19  Zergling x14  
  65  5:30  Zergling x12  
  63  5:36  Zergling x4  
  63  5:39  Zergling x4  
  64  5:48  Zergling x4  
  64  5:52  Zergling x2  
  64  5:54  Zergling x2  
  64  5:57  Zergling x2  
  61  6:00  Roach  
  61  6:01  Roach  
  60  6:08  Roach x2  
  64  6:12  Roach  
  67  6:18  Roach x4  
  67  6:20  Overlord  
  67  6:22  Overlord  
  67  6:24  Roach  
  67  6:25  Zergling x4  
  73  6:26  Roach  
  73  6:28  Roach  
  68  6:33  Roach x2, Zergling x2  
  73  6:44  Roach x5, Zergling x2  
  84  6:50  Zergling x6  
  84  6:53  Ravager, Zergling x2  
  89  6:56  Overlord  
  89  6:59  Overlord  
  89  7:07  Overlord  
  89  7:13  Overlord  
  92  7:15  Zergling x14  
  92  7:17  Ravager  
  92  7:21  Zergling x6  
  100  7:26  Zergling x4  
  100  7:34  Ravager, Zergling x8  
  105  7:38  Zergling x4  
  105  7:43  Zergling x6  
  105  7:44  Zergling x2  
  111  7:47  Zergling x2  
  111  7:50  Zergling x6  
  111  7:53  Ravager  
  111  7:54  Zergling x2  
  114  7:58  Zergling x2  
  114  8:01  Zergling x6  
  100  8:20  Ravager  

Tags
 
Add a new tag
Caveats
  • Supply blocks, unpowered buildings, or Contaminate may cause inaccurate times.
  • Supply counts are checked every 10 seconds.